 Dungeon Crawl Stone Soup version 0.23.2-40-g277498a001 (webtiles) character file.

Game seed: 13686288350532493270

792 Amplified the Skirmisher (level 7, 0/85 HPs)
             Began as a Demonspawn Monk on Sept 9, 2019.
             Slain by a bog mummy (8 damage)
             ... in an ossuary.
             The game lasted 00:06:17 (3300 turns).

Amplified the Skirmisher (Demonspawn Monk)          Turns: 3300, Time: 00:06:18

Health: 0/85       AC: 23    Str: 13    XL:     7   Next: 57%
Magic:  7/7        EV:  2    Int: 11    God:
Gold:   128        SH:  0    Dex: 16    Spells: 6/6 levels left

rFire    . . .     SeeInvis .   k - +0 flail
rCold    . . .     Gourm    .   (no shield)
rNeg     + + +     Faith    .   (armour currently unavailable)
rPois    +         Spirit   .   (helmet currently unavailable)
rElec    .         Reflect  .   (cloak currently unavailable)
rCorr    .         Harm     .   (gloves currently unavailable)
MR       .....     NoTele   +   (boots currently unavailable)
Stlth    ++........             g - amulet of the acrobat
HPRegen  0.24/turn              (no ring)
MPRegen  0.10/turn              (no ring)

@: tree-form, hasted, very quick
A: foul stench 1, powered by death 1, rot immunity
a: no special abilities


You were in an ossuary.
You were not hungry.
You were a tree.
You visited 1 branch of the dungeon, and saw 4 of its levels.
You also visited: Sewer and Ossuary.

You collected 128 gold pieces.

Inventory:

Hand Weapons
 a - a +0 mace
 h - a +0 vampiric dagger
 k - a +0 flail (weapon)
 o - a +2 dagger of venom
Missiles
 l - 16 poisoned needles
Armour
 b - a +0 robe (melded)
 c - a +0 pair of boots (melded)
 i - a +0 scale mail
 j - a +0 ring mail
 s - the +1 pair of gloves of Hedonism (melded) {rF+ rCorr Int+2 Dex+4}
   (You found it on level 4 of the Dungeon)

   It affects your intelligence (+2).
   It affects your dexterity (+4).
   It protects you from fire.
   It provides partial protection from all sources of acid and corrosion.
Magical Staves
 r - an uncursed staff of wizardry {unknown}
Jewellery
 g - an amulet of the acrobat (around neck)
Wands
 d - a wand of clouds (2)
Scrolls
 e - 3 scrolls of teleportation
 m - a scroll of blinking
 t - a scroll of enchant armour {unknown}
 v - 3 scrolls of fear {unknown}
 x - a scroll of noise {unknown}
Potions
 q - a potion of magic
Comestibles
 f - 3 rations


   Skills:
 * Level 5.8 Fighting
 * Level 5.2 Maces & Flails
 + Level 2.8 Armour
 + Level 4.1 Dodging
 - Level 1.7 Stealth


You had 6 spell levels left.
You didn't know any spells.
Your spell library contained the following spells:

 Spells                   Type           Power        Failure   Level  Hunger
 Corpse Rot               Necr           N/A          47%         2    ###....
 Stone Arrow              Conj/Erth      #.....       71%         3    ####...
 Leda's Liquefaction      Hex/Erth       #.........   98%         4    #####..
 Summon Forest            Summ/Tloc      #.........   100%        5    ######.
 Hydra Form               Tmut           #.........   100%        6    #######
 Summon Hydra             Summ           #.........   100%        7    #######


Dungeon Overview and Level Annotations

Branches:
Dungeon (4/15)
 Temple: D:4-7

Altars:
Hepliaklqana
Okawaru
Trog


Innate Abilities, Weirdness & Mutations

((You have sharp toenails.))
You may emit foul miasma when damaged in melee.
You regenerate a little health from kills.
You are immune to rotting.


Message History

The bog mummy is lightly damaged.
You barely miss the bog mummy.
The bog mummy is lightly damaged.
You thump the bog mummy!
The bog mummy is severely damaged.
The bog mummy hits you!
* * * LOW HITPOINT WARNING * * *
You see here a potion of degeneration.
Okay, then.
Really quaff the potion of lignification?
You turn into a tree.
The +1 pair of gloves of Hedonism {rF+ rCorr Int+2 Dex+4} melds into your body.
Your +0 pair of boots melds into your body.
Your +0 robe melds into your body.
Your roots penetrate the ground.
You hit the bog mummy.
The bog mummy is almost destroyed.
You closely miss the bog mummy.
The bog mummy is almost destroyed.
The adder zombie barely misses you. The bog mummy hits you!
You die...

≈≈ #≈ # ####≈##
≈# #P#P#P# ≈#≈#
'#'#'#.≈≈#≈#.≈≈##
......≈≈Z≈≈≈..P≈#
.##'##'##Z##.##≈≈
#.#ZMZ# ###.♣.#
#...# ##### #####
#..∩# #.MM# #..M#
# #.##M##'##+##


You could see a bog mummy, an adder zombie, 2 quokka zombies and a bullfrog
zombie.

Vanquished Creatures
  Sigmund (D:3)
  Eustachio (D:4)
  2 bullfrogs (Sewer)
  A hound (D:4)
  An orc wizard (D:4)
  Ijyb (D:3)
  Natasha (thrice) (D:3)
  A hound zombie (Ossuary)
  3 mummies (Ossuary)
  A worker ant zombie (Ossuary)
  3 gnolls
  4 adders
  3 worms
  2 dart slugs (D:1)
  4 leopard geckos
  3 orcs
  5 bats
  11 giant cockroaches
  10 goblins
  3 hobgoblins
  4 jackals (D:3)
  10 kobolds
  A quokka (D:3)
  2 ball pythons
  9 frilled lizards
  7 rats
96 creatures vanquished.

Vanquished Creatures (others)
  A withered plant (Ossuary)
1 creature vanquished.

Grand Total: 97 creatures vanquished

Notes
Turn   | Place    | Note
-------+----------+-------------------------------------------
     0 | D:1      | Amplified the Demonspawn Monk began the quest for the Orb.
     0 | D:1      | Reached XP level 1. HP: 18/18 MP: 1/1
   188 | D:1      | Gained mutation: You regenerate a little health from kills.
                  | [demonic ancestry]
   188 | D:1      | Reached XP level 2. HP: 14/24 MP: 2/2
   570 | D:1      | Gained mutation: You have sharp toenails. [demonic
                  | ancestry]
   570 | D:1      | Reached XP level 3. HP: 29/29 MP: 3/3
  1296 | D:3      | Reached skill level 1 in Armour
  1376 | D:3      | Noticed Sigmund
  1378 | D:3      | Noticed Natasha
  1449 | D:2      | Gained mutation: You are immune to rotting. [demonic
                  | ancestry]
  1449 | D:2      | Reached XP level 4. HP: 37/37 MP: 4/4
  1571 | D:3      | Killed Natasha
  1581 | D:3      | Killed Sigmund
  1581 | D:3      | Reached XP level 5. HP: 21/43 MP: 5/5
  1593 | D:3      | Noticed Natasha
  1652 | D:3      | Noticed Ijyb
  1661 | D:3      | Killed Ijyb
  1661 | D:3      | Reached XP level 6. HP: 33/49 MP: 6/6
  1733 | D:3      | Found a glowing drain.
  1749 | Sewer    | Entered a sewer
  2013 | Sewer    | Reached skill level 5 in Fighting
  2377 | D:3      | Killed Natasha
  2396 | D:3      | Found a hazy altar of Hepliaklqana.
  2689 | D:3      | Noticed Natasha
  2699 | D:3      | Killed Natasha
  2699 | D:3      | Gained mutation: You may emit foul miasma when damaged in
                  | melee. [demonic ancestry]
  2699 | D:3      | Reached XP level 7. HP: 33/56 MP: 7/7
  2717 | D:3      | Found a bloodstained altar of Trog.
  3018 | D:4      | Found an iron altar of Okawaru.
  3127 | D:4      | Noticed Eustachio
  3133 | D:4      | Got a pair of warped gloves
  3148 | D:4      | Killed Eustachio
  3148 | D:4      | Reached skill level 5 in Maces & Flails
  3191 | D:4      | Found a sand-covered staircase.
  3201 | D:4      | Identified the +1 pair of gloves of Hedonism {rF+ rCorr
                  | Int+2 Dex+4} (You found it on level 4 of the Dungeon)
  3202 | Ossuary  | Entered an ossuary
  3300 | Ossuary  | Slain by a bog mummy

Skill      XL: |  1  2  3  4  5  6  7 |
---------------+----------------------+-----
Maces & Flails | 3 4 5 |  5.2
Dodging        | 3 4 |  4.1
Armour         | 1 2 |  2.8
Fighting       | 4 5 |  5.8
Stealth        | |  1.7

Action                   |  1- 3 |  4- 6 |  7- 9 || total
-------------------------+-------+-------+-------++-------
Melee: Mace              |   135 |    15 |       ||   150
       Kick              |    11 |    27 |       ||    38
       Flail             |       |   132 |    67 ||   199
Evoke: Wand              |       |     1 |     2 ||     3
  Use: Scroll            |     2 |     3 |     6 ||    11
       Potion            |     1 |     7 |     3 ||    11
 Stab: Sleeping          |     7 |     2 |       ||     9
       Confused          |       |       |     3 ||     3
  Eat: Ration            |     1 |       |     1 ||     2
       Chunk             |       |     3 |       ||     3
Armor: Robe              |    22 |    36 |     6 ||    64
Dodge: Dodged            |    85 |   122 |    48 ||   255
